 Dungeon Crawl Stone Soup version 0.25.0-9-g26727b6 (webtiles) character file.

Game seed: 3449997530791874761

297 DrKleor the Skirmisher (level 6, 0/51 HPs)
             Began as a Demonspawn Monk on June 16, 2020.
             Was a Believer of Qazlal.
             Slain by an orc wizard
             ... wielding a +0 dagger
              (1 damage)
             ... on level 3 of the Dungeon.
             The game lasted 00:07:20 (4577 turns).

DrKleor the Skirmisher (Demonspawn Monk)            Turns: 4577, Time: 00:07:20

Health: 0/51       AC:  3    Str: 13    XL:     6   Next: 12%
Magic:  0/7        EV: 13    Int: 11    God:    Qazlal [**....]
Gold:   190        SH:  2    Dex: 16    Spells: 5/5 levels left

rFire    . . .     SeeInvis .   a - +0 short sword
rCold    . . .     Gourm    .   (no shield)
rNeg     . . .     Faith    .   h - +0 leather armour
rPois    .         Spirit   +   (no helmet)
rElec    .         Reflect  .   (no cloak)
rCorr    .         Harm     .   (no gloves)
MR       .....                  (no boots)
Stlth    ++........             (no amulet)
HPRegen  0.17/turn              (no ring)
MPRegen  0.10/turn              (no ring)

@: no status effects
A: talons 1, magic shield
a: Upheaval, Renounce Religion


You were on level 3 of the Dungeon.
You worshipped Qazlal.
Qazlal was pleased with you.
You were hungry.

You visited 1 branch of the dungeon, and saw 4 of its levels.

You collected 190 gold pieces.

Inventory:

Hand Weapons
 a - a +0 short sword (weapon)
Armour
 h - a +0 leather armour (worn)
Jewellery
 e - an uncursed ring of fire
Scrolls
 d - a scroll of magic mapping {unknown}
 g - 3 scrolls of identify {unknown}
 i - 2 scrolls of remove curse {unknown}
 j - a scroll of noise {unknown}
 k - 2 scrolls of blinking {unknown}
Potions
 b - a potion of haste {unknown}
 f - a potion of resistance {unknown}
 l - 4 potions of heal wounds {unknown}
 n - a potion of might {unknown}
Comestibles
 c - 6 rations


   Skills:
 - Level 5.0 Fighting
 - Level 2.6 Short Blades
 - Level 2.6 Dodging
 + Level 4.6 Stealth
 + Level 2.3 Invocations


You had 5 spell levels left.
You didn't know any spells.
Your spell library was empty.

Dungeon Overview and Level Annotations

Branches:
Dungeon (4/15)
 Temple: D:4-7

Altars:
Dithmenos
Fedhas
Gozag
Qazlal
Ru
Zin


Innate Abilities, Weirdness & Mutations

You have sharp toenails.
When hurt, damage is shared between your health and your magic reserves.


Message History

The orc wizard hits you but does no damage.
You hit the orc wizard but do no damage.
Your kick misses the orc wizard.
The orc wizard is heavily wounded.
The orc wizard hits you but does no damage.
The orc wizard hits you with a +0 dagger.
You closely miss the orc wizard. Your kick misses the orc wizard.
The orc wizard is heavily wounded.
The orc wizard completely misses you.
You hit the orc wizard but do no damage.
Your kick misses the orc wizard.
The orc wizard is heavily wounded.
The orc wizard barely misses you.
The orc wizard hits you with a +0 dagger.
* * * LOW HITPOINT WARNING * * *
You closely miss the orc wizard.
You claw the orc wizard, but do no damage.
The orc wizard is heavily wounded.
The orc wizard hits you with a +0 dagger.
You die...

........###.##..#..........#.#
####.#..#................#.#.#
............##.......###.#.#.#
####.#..##.#.#.....#.#<#.#.#.#
####.#..##.#.....#.#.#.#.#.#.#
...................#.#.#.#.#.#
..........................>#.#
##.#.#..##.#.#.......###...###
#.#.....#.#.#.○@o.(.#E#...#E####
##.###.###.#....########...###...
.......# #.#.#..# #.........###
##.##### #.###..# #...._....#
##.#######.#.#..#####.........###
....)).....#.........###...###...
##.#########.#..######E#...#E####
##.# #.#.......###...### ##.#
#.#.####### ##.##


You could see an orc wizard (fast).

Vanquished Creatures
  An orc priest (D:4)
  A centaur skeleton (D:4)
  Natasha (thrice) (D:2)
  A worker ant (D:4)
  4 adders
  3 worms
  5 dart slugs
  4 leopard geckos
  7 orcs (D:3)
  2 giant cockroaches (D:1)
  10 goblins
  8 hobgoblins
  2 jackals (D:3)
  2 quokkas
  8 bats
  5 frilled lizards
  5 kobolds
  8 rats
79 creatures vanquished.

Notes
Turn   | Place    | Note
-------+----------+-------------------------------------------
     0 | D:1      | DrKleor the Demonspawn Monk began the quest for the Orb.
     0 | D:1      | Reached XP level 1. HP: 18/18 MP: 1/1
   349 | D:1      | Gained mutation: You have sharp toenails. [demonic
                  | ancestry]
   349 | D:1      | Reached XP level 2. HP: 10/24 MP: 2/2
   928 | D:1      | Reached XP level 3. HP: 29/29 MP: 3/3
  2019 | D:2      | Found a glowing silver altar of Zin.
  2038 | D:2      | Reached skill level 4 in Fighting
  2087 | D:2      | Found a blossoming altar of Fedhas.
  2093 | D:2      | Found an opulent altar of Gozag.
  2264 | D:2      | Found a shadowy altar of Dithmenos.
  2265 | D:2      | Noticed Natasha
  2277 | D:2      | Gained mutation: When hurt, damage is shared between your
                  | health and your magic reserves. [demonic ancestry]
  2277 | D:2      | Reached XP level 4. HP: 36/37 MP: 4/4
  2306 | D:2      | Killed Natasha
  2456 | D:2      | Found a sacrificial altar of Ru.
  2699 | D:2      | Noticed Natasha
  2720 | D:2      | Killed Natasha
  3113 | D:2      | Noticed Natasha
  3119 | D:2      | Killed Natasha
  3119 | D:2      | Reached XP level 5. HP: 43/43 MP: 5/5
  3510 | D:3      | Found a stormy altar of Qazlal.
  3512 | D:3      | Noticed a water elemental
  3512 | D:3      | Noticed an air elemental
  3513 | D:3      | Noticed a fire elemental
  4302 | D:3      | Became a worshipper of Qazlal Stormbringer
  4302 | D:3      | Reached * piety under Qazlal
  4302 | D:3      | Reached ** piety under Qazlal
  4357 | D:4      | Reached skill level 5 in Fighting
  4357 | D:4      | Reached skill level 1 in Invocations
  4412 | D:4      | Reached XP level 6. HP: 13/51 MP: 5/7
  4569 | D:4      | HP: 2/51 [orc wizard/+0 dagger (3)]
  4576 | D:3      | HP: 1/51 [orc wizard/+0 dagger (2)]
  4577 | D:3      | Slain by an orc wizard

Illustrated notes

Levels and vault maps discovered:
D:1:      nagdon_arrival_double_spiral, layout_loops_ring
D:2:      layout_basic, lemuel_round_altar, grunt_temple_overflow_open,
          hangedman_ru_absence, uniq_natasha
D:3:      layout_basic, nicolae_qazlal_style_of_elements
D:4:      layout_loops_cross, first_ration, yredelemnul_altar_generic,
          uniq_eustachio, uniq_robin

Skill      XL: |  1  2  3  4  5  6 |
---------------+-------------------+-----
Stealth        | 2 3 4 |  4.6
Fighting       | 4 5 |  5.0
Invocations    | 1 2 |  2.3
Short Blades   | |  2.6
Dodging        | |  2.6

Action                   |  1- 3 |  4- 6 || total
-------------------------+-------+-------++-------
Melee: Short sword       |   118 |   158 ||   276
       Kick              |    20 |    39 ||    59
 Stab: Sleeping          |     9 |     6 ||    15
  Eat: Chunk             |     4 |     7 ||    11
Armor: Robe              |    15 |       ||    15
       Leather armour    |     7 |    26 ||    33
Dodge: Dodged            |    62 |   112 ||   174
Block: Other             |       |     1 ||     1
